 Dungeon Crawl Stone Soup version 0.29.1-15-g9cfb28693d (webtiles) character file.

Game seed: 7277558271548812726

175500 TittyCrusher the Peltast (level 18, -1/182 HPs)
             Began as a Formicid Monk on Apr 29, 2023.
             Was an Elder of Cheibriados.
             Slain by a naga warrior
             ... wielding a +0 halberd
              (3 damage)
             ... on level 4 of the Snake Pit.
             The game lasted 01:25:52 (29705 turns).

TittyCrusher the Peltast (Formicid Monk)           Turns: 29705, Time: 01:25:52

Health: -1/182     AC: 34    Str: 29    XL:     18   Next: 75%
Magic:  22/28      EV: 22    Int: 21    God:    Cheibriados [****..]
Gold:   533        SH: 22    Dex: 30    Spells: 19/31 levels left

rFire   + . .      SeeInvis +     - Unarmed
rCold   + . .      Faith    .   K - +0 kite shield
rNeg    + + .      Spirit   .   (body armour currently unavailable)
rPois   ∞          Reflect  +   (helmet unavailable)
rElec   +          Harm     .   f - +2 cloak
rCorr   .          Rampage  .   (gloves currently unavailable)
Will    ++...                   (boots currently unavailable)
Stlth   +++++.....              Y - amulet "Giuc" {Reflect rN+ SH+5}
HPRegen 0.40/turn               A - ring "Ismaot" {rC++ Will+ AC+4}
MPRegen 0.21/turn               e - ring of fire

@: mighty, statue-form, wereblooded, very slow
A: slow and powerful, torment resistance 1, boosted hp, permanent stasis, dig
shafts and tunnels, antennae 3, four strong arms
a: Dig, Shaft Self, End Transformation, Renounce Religion, Bend Time, Temporal
Distortion, Slouch


You were on level 4 of the Snake Pit.
You worshipped Cheibriados.
Cheibriados was greatly pleased with you.
You were a living statue of rough stone.
You visited 5 branches of the dungeon, and saw 27 of its levels.
You visited the Abyss 1 time.
You also visited: Gauntlet.

You collected 2332 gold pieces.
You spent 1799 gold pieces at shops.

Inventory:

Missiles
 t - 4 throwing nets (quivered)
Armour
 c - a +1 tower shield of protection
 f - a +2 cloak (worn)
 q - a +2 pair of gloves of strength (melded)
 y - the +0 pair of boots of the Fig (melded) {rElec Str+3}
   (You found it in a Gauntlet)

   Str:       It affects your strength (+3).
   rElec:     It insulates you from electricity.
 F - +2 acid dragon scales (melded)
 K - a +0 kite shield (worn)
Magical Staves
 b - a staff of earth
Jewellery
 d - the ring of Vululytre {rPois Int+6}
   (You found it in a Gauntlet)

   [ring of intelligence]

   Int:       It affects your intelligence (+6).
   rPois:     It protects you from poison.
 e - a ring of fire (right fist)
 k - a ring of positive energy
 v - a ring of resist corrosion
 A - the ring "Ismaot" (left fist) {rC++ Will+ AC+4}
   (You found it on level 5 of the Dungeon)

   [ring of protection]

   AC:        It affects your AC (+4).
   rC:        It greatly protects you from cold.
   Will:      It increases your willpower.
 C - a ring of fire
 I - a +4 ring of protection
 L - a +4 ring of evasion
 N - a ring of positive energy
 V - a ring of wizardry
 Y - the amulet "Giuc" (around neck) {Reflect rN+ SH+5}
   (You bought it in a shop on level 2 of the Dungeon)

   [amulet of reflection]

   It reflects blocked missile attacks.
   rN:        It protects you from negative energy.
   SH:        It affects your SH (+5).
Wands
 m - a wand of digging (1)
 x - a wand of polymorph (25)
 D - a wand of paralysis (3)
 P - a wand of light (7)
 U - a wand of mindburst (19)
 W - a wand of roots (27)
Scrolls
 a - 3 scrolls of magic mapping
 g - 4 scrolls of enchant armour
 h - a scroll of poison
 n - 5 scrolls of identify
 s - 6 scrolls of immolation
 E - 2 scrolls of silence
 H - 5 scrolls of vulnerability
 O - 9 scrolls of amnesia
 Q - 2 scrolls of torment
 S - 4 scrolls of fog
 X - a scroll of acquirement
Potions
 i - 4 potions of magic
 j - a potion of resistance
 l - 3 potions of lignification
 o - 3 potions of mutation
 p - 4 potions of attraction
 r - 3 potions of flight
 u - 3 potions of invisibility
 z - 8 potions of brilliance
 J - 3 potions of might
 M - 3 potions of ambrosia
Miscellaneous
 T - a condenser vane (inert)


   Skills:
 + Level 12.3 Fighting
 - Level 10.1 Dodging
 - Level 7.7 Stealth
 - Level 16.3 Shields
 - Level 15.8 Unarmed Combat
 - Level 7.0 Spellcasting
 - Level 12.3 Transmutations
 - Level 13.4 Earth Magic
 - Level 13.3 Invocations


You had 19 spell levels left.
You knew the following spells:

 Your Spells              Type           Power      Damage    Failure   Level
a - Statue Form           Tmut/Erth      38%        N/A       10%         6
b - Wereblood             Tmut           56%        N/A       1%          2
c - Apportation           Tloc           14%        N/A       13%         1
d - Confusing Touch       Hex            7%         N/A       36%         3

Your spell library contained the following spells:

 Spells                   Type           Power      Damage    Failure   Level
 Petrify                  Tmut/Erth      57%        N/A       1%          4
 Animate Armour           Summ/Erth      70%        N/A       9%          4
 Leda's Liquefaction      Hex/Erth       17%        N/A       9%          4
 Ice Form                 Ice/Tmut       33%        N/A       10%         4
 Magic Dart               Conj           28%        1d4       13%         1
 Necrotise                Necr           28%        1d5       13%         1
 Summon Small Mammal      Summ           28%        N/A       13%         1
 Ensorcelled Hibernation  Hex/Ice        14%        N/A       19%         2
 Searing Ray              Conj           14%        2d5       19%         2
 Static Discharge         Conj/Air       7%         3-4/arc   19%         2
 Sublimation of Blood     Necr           7%         N/A       19%         2
 Alistair's Intoxication  Tmut/Pois      22%        N/A       28%         5
 Irradiate                Conj/Tmut      16%        3d17      28%         5
 Yara's Violent Unravell  Hex/Tmut       16%        3d8       28%         5
 Call Canine Familiar     Summ           7%         N/A       36%         3
 Gell's Gravitas          Tloc           7%         N/A       36%         3
 Lesser Beckoning         Tloc           7%         N/A       36%         3
 Ozocubu's Armour         Ice            7%         N/A       36%         3
 Portal Projectile        Hex/Tloc       14%        N/A       36%         3
 Teleport Other           Tloc           7%         N/A       36%         3
 Animate Dead             Necr           7%         N/A       77%         4
 Fulminant Prism          Conj/Hex       3%         3d6       77%         4
 Hailstorm                Conj/Ice       7%         3d4       77%         4
 Olgreb's Toxic Radiance  Pois           7%         N/A       77%         4
 Iron Shot                Conj/Erth      17%        9d4       77%         6
 Freezing Cloud           Conj/Ice/Air   3%         6-21      98%         5
 Lightning Bolt           Conj/Air       3%         1d15      98%         5
 Dispersal                Tloc           3%         N/A       100%        6
 Simulacrum               Ice/Necr       3%         N/A       100%        6
 Enfeeble                 Hex            3%         N/A       100%        7
 Haunt                    Necr/Summ      3%         N/A       100%        7
 Ozocubu's Refrigeration  Ice            3%         4d8       100%        7
 Summon Hydra             Summ           3%         N/A       100%        7
 Disjunction              Tloc           3%         N/A       100%        8
 Ignition                 Fire           5%         3d4       100%        8
 Infestation              Necr           3%         N/A       100%        8
 Lehudib's Crystal Spear  Conj/Erth      17%        10d5      100%        8
 Maxwell's Capacitive Co  Air            3%         ∞         100%        8
 Shatter                  Erth           29%        3d24*     100%        9


Dungeon Overview and Level Annotations

Branches:
Dungeon (15/15)            Temple (1/1) D:5            Lair (5/5) D:11
  Swamp (0/4) Lair:2        Snake (3/4) Lair:3        Slime (0/5) Lair:4
    Orc (2/2) D:11            Elf (0/3) Orc:2        Vaults (0/5) D:14
 Depths (0/4) D:15        Gauntlet (visited)

Altars:
Ashenzari
Cheibriados
Dithmenos
Elyvilon
Fedhas
Gozag
Hepliaklqana
Kikubaaqudgha
Makhleb
Nemelex Xobeh
Okawaru
Qazlal
Ru
Sif Muna
Trog
Uskayaw
Vehumet
Wu Jian
Xom
Yredelemnul
Zin
The Shining One
Jiyva

Shops:
D:1 :   D:2 =   D:10 !   Orc:1 *   Orc:2 [*:*   Snake:2 (*:

Annotations:
D:3 1 runed translucent door, Crazy Yiuf
D:7 exclusion: oklob plant
D:15 2 transporters, Duon's ghost, journeyman DsGl
Lair:5 3 runed translucent doors, javelincjr's ghost, adept DjCj


Innate Abilities, Weirdness & Mutations

You are a living statue of rough stone.
Your actions are slow, but your melee attacks are powerful.
You are resistant to unholy torment.
Your maximum health is greatly increased.
You are immune to poison.
Your equipment is partially melded.
You cannot be hasted, slowed, berserked, paralysed or teleported.
You can dig through walls and to a lower floor.
You have a pair of large antennae on your head. (SInv)
Your four strong arms can wield two-handed weapons with a shield.


Message History

The guardian serpent is heavily wounded.
The guardian serpent closely misses you.
The naga warrior spits poison at you.
The splash of poison reflects off an invisible shield around you!
The splash of poison hits the naga warrior but does no damage.
The naga warrior is poisoned.
You block the shock serpent's attack.
You block the guardian serpent's attack.
You catch the helpless guardian serpent completely off-guard!
You squash the guardian serpent like an ant!!!
You feel a bit better.
You kill the guardian serpent!
Cheibriados thoroughly appreciates the change of pace.
You block the black mamba's attack.
The shock serpent shoots out a bolt of lightning at you!
The bolt of electricity misses you. You block the black mamba's attack.
You block the shock serpent's attack. You block the black mamba's attack.
You closely miss the shock serpent.
The shock serpent is almost dead.
You block the shock serpent's attack. The black mamba bites you!
* * * LOW HITPOINT WARNING * * *
The naga warrior roars a battlecry!
The naga warrior goes into a battle-frenzy!
You block the shock serpent's attack.
You pummel the shock serpent like a punching bag!!!
You feel a bit better.
You kill the shock serpent!
Cheibriados thoroughly appreciates the change of pace.
The air sparks with electricity, shocking you!
You resist.
* * * LOW HITPOINT WARNING * * *
You howl as the wereblood boils in your veins!
The black mamba completely misses you. You block the naga warrior's attack.
The black mamba barely misses you.
The naga ritualist invokes the aid of its god against you.
You resist with almost no effort.
You pummel the naga warrior!!
The naga warrior is heavily wounded.
The black mamba misses you.
The naga warrior hits you from afar with a +0 halberd.
You die...

##.........
#.....⌠....
##..........
#....8...8..
##.⌠.).......
#..§)§8)..8..
#..§§§N).....
#..))88..)8..
#...N§S)..))⌠
#..N.)8.).8..
#.....)....).
#...$.8..)8..
#..⌠........)
#.....8...8..
##...........


You could see 2 naga warriors, a naga ritualist (strong) and a black mamba.

Vanquished Creatures
  Jorgrun (D:15)
  Kirke (D:13)
  6 nagarajas
  Aizul (Snake:3)
  A very ugly thing (D:15)
  A minotaur (Gauntlet)
  The ghost of Hehankyrann the Arsonist, a journeyman MeFE (Snake:2)
  Snorg (Orc:2)
  A rakshasa (D:15)
  2 vault guards (D:14)
  The ghost of fleeber the Skirmisher, a journeyman BaHu of Cheibriados (D:11)
  7 boulder beetles
  10 hydras
  3 centaur warriors
  11 naga warriors
  4 two-headed ogres
  An anaconda (shapeshifter) (D:15)
  12 anacondas
  4 catoblepae
  2 death scarabs (Gauntlet)
  A tengu warrior (D:13)
  16 death yaks
  4 orc high priests
  Urug (D:11)
  Sonja (D:11)
  9 naga sharpshooters
  8 shock serpents
  A wretched star (Abyss:2)
  3 skeletal warriors (D:14)
  2 spectral death yaks (Gauntlet)
  3 salamander mystics
  A spectral anaconda (Snake:2)
  A glowing orange brain (D:15)
  A sea snake (Snake:2)
  2 naga ritualists
  A spectral hydra (Gauntlet)
  A lindwurm (Lair:5)
  2 wizards (Gauntlet)
  3 deep elf pyromancers
  A deep elf zephyrmancer (D:13)
  4 mana vipers
  7 orc knights
  A shadow dragon skeleton (Abyss:2)
  5 orc sorcerers
  18 ugly things
  6 cyclopes
  9 elephants
  3 manticores
  3 large abominations (Abyss:2)
  19 salamanders
  14 naga magi
  8 guardian serpents
  19 black mambas
  An ice statue (Gauntlet)
  Joseph (D:9)
  A torpor snail (Lair:3)
  2 gargoyles (D:11)
  11 cane toads
  A yaktaur (D:15)
  10 komodo dragons
  3 rime drakes
  Maggie (D:7)
  A kobold demonologist (D:13)
  A tengu conjurer (D:15)
  A queen bee (Gauntlet)
  3 meliai (D:15)
  7 trolls
  2 hornets
  2 polar bears
  Prince Ribbit (D:7)
  27 blink frogs
  4 slime creatures
  2 spectral nagas (Snake:2)
  4 dream sheep (Lair:3)
  A shock serpent simulacrum (Snake:2)
  A vampire (D:13)
  A spriggan (Lair:4)
  6 shadows
  4 wraiths
  Sigmund (D:6)
  A ynoxinul (D:11)
  Grum (D:11)
  A wyvern (Lair:5)
  2 hogs (D:13)
  84 yaks
  10 humans (D:14)
  2 basilisks
  10 vampire mosquitoes
  A redback (shapeshifter) (D:15)
  2 steam dragons
  30 nagas
  A swamp worm (Lair:2)
  4 acid dragons
  A spectral cane toad (Gauntlet)
  Duvessa (D:6)
  2 wargs (Orc:1)
  12 water moccasins
  2 small abominations (Abyss:2)
  22 orc warriors
  2 black bears (D:11)
  A black mamba simulacrum (Snake:2)
  4 ice beasts
  7 ogres
  4 centaurs
  35 wolves
  5 phantoms
  4 kobold brigands
  12 bullfrogs
  2 necrophages (D:5)
  2 gnoll sergeants
  3 scorpions
  9 wights
  Dowan (D:6)
  2 troll zombies (D:11)
  25 killer bees
  5 howler monkeys
  A vampire bat (Lair:2)
  4 electric eels (Snake:2)
  A salamander simulacrum (Snake:2)
  4 naga simulacra (Snake:2)
  A quasit (Abyss:2)
  An iron imp (Abyss:2)
  6 hounds
  3 gnoll boudas
  18 orc priests
  10 jellies
  6 iguanas
  Ijyb (D:3)
  20 orc wizards
  6 hell rats (Lair:3)
  6 ogre zombies (D:11)
  21 gnolls
  8 adders
  2 shadow imps (Gauntlet)
  7 white imps
  4 ufetubi
  2 worms
  3 dart slugs
  49 orcs
  8 ball pythons
  10 bats
  19 endoplasms
  6 giant cockroaches
  5 hobgoblins
  6 jackals
  3 quokkas
  3 frilled lizards
  3 goblins
  A goblin zombie (D:11)
  3 hobgoblin skeletons (D:11)
  2 hobgoblin zombies (D:11)
  17 kobolds
  3 orc skeletons (D:11)
  16 orc zombies (D:11)
  9 rats (D:1)
  2 butterflies (Lair:1)
961 creatures vanquished.

Vanquished Creatures (collateral kills)
  2 ogres (D:5)
  A necrophage (D:5)
  A hound (D:5)
4 creatures vanquished.

Vanquished Creatures (others)
  A manticore (D:11)
  A black mamba (Snake:4)
  A naga mage (Snake:1)
  2 orc wizards
  2 orcs (D:13)
  69 fungi
  63 plants
139 creatures vanquished.

Grand Total: 1104 creatures vanquished

Notes
Turn   | Place    | Note
-------+----------+-------------------------------------------
     0 | D:1      | TittyCrusher the Formicid Monk began the quest for the Orb.
     0 | D:1      | Reached XP level 1. HP: 18/18 MP: 1/1
     1 | D:1      | Found a runed translucent door.
   285 | D:1      | Reached XP level 2. HP: 24/24 MP: 2/2
   325 | D:1      | Found a basalt altar of Yredelemnul.
   504 | D:1      | Found Usus's Book Boutique.
   972 | D:2      | Reached XP level 3. HP: 28/29 MP: 3/3
  1186 | D:2      | Found Wischinu's Jewellery Shop.
  1677 | D:2      | Found a faded altar of an unknown god.
  1816 | D:2      | Reached XP level 4. HP: 34/35 MP: 4/4
  1891 | D:2      | Reached skill level 5 in Unarmed Combat
  2064 | D:3      | Noticed Ijyb
  2108 | D:3      | Killed Ijyb
  2109 | D:3      | Reached XP level 5. HP: 19/39 MP: 5/5
  2294 | D:3      | Found a sparkling altar of Nemelex Xobeh.
  2301 | D:3      | Noticed an ogre
  2566 | D:3      | Found an ornate altar of the Wu Jian Council.
  2798 | D:3      | Identified the +4 lajatang of Isaysmen {freeze, rF++ Dex-4}
  2969 | D:3      | Found a runed translucent door.
  2970 | D:3      | Noticed Crazy Yiuf
  3027 | D:4      | Reached XP level 6. HP: 47/47 MP: 6/6
  3125 | D:4      | Found an iron altar of Okawaru.
  3480 | D:4      | Got Toump's Cyclopedia of Hiemal Breath
  3588 | D:4      | Noticed an ice beast
  3616 | D:4      | Killed an ice beast
  3617 | D:4      | Reached XP level 7. HP: 35/52 MP: 7/7
  4749 | D:5      | Entered Level 5 of the Dungeon
  5205 | D:5      | Reached XP level 8. HP: 28/52 MP: 8/8
  5321 | D:5      | Reached skill level 5 in Dodging
  5485 | D:5      | Reached skill level 5 in Fighting
  5752 | D:5      | Found a staircase to the Ecumenical Temple.
  5929 | D:5      | Identified the ring "Ismaot" {rC++ Will+ AC+4}
  6400 | D:6      | Reached XP level 9. HP: 69/69 MP: 9/9
  6474 | D:6      | Noticed Dowan
  6574 | D:6      | Noticed Sigmund
  6583 | D:6      | Killed Sigmund
  7602 | D:6      | Noticed Duvessa
  7640 | D:6      | Killed Duvessa
  7648 | D:6      | Killed Dowan
  7936 | D:7      | Noticed Prince Ribbit
  7974 | D:7      | Killed Prince Ribbit
  7975 | D:7      | Reached skill level 10 in Unarmed Combat
  8347 | D:7      | Noticed Maggie
  8379 | D:7      | Killed Maggie
  8487 | D:7      | Found a shimmering blue altar of Sif Muna.
  8624 | D:7      | Noticed an oklob plant
  8632 | D:7      | Reached XP level 10. HP: 74/75 MP: 10/10
  9925 | D:8      | Reached XP level 11. HP: 39/84 MP: 11/11
 10169 | D:8      | Found a radiant altar of Vehumet.
 10442 | D:8      | Found a glowing silver altar of Zin.
 10894 | D:9      | Found a stormy altar of Qazlal.
 10941 | D:9      | Noticed a two-headed ogre
 10949 | D:9      | Killed a two-headed ogre
 10950 | D:9      | Reached skill level 15 in Unarmed Combat
 10982 | D:9      | Noticed Joseph
 10994 | D:9      | Killed Joseph
 11120 | D:9      | Found a basalt altar of Yredelemnul.
 11529 | Temple   | Entered the Ecumenical Temple
 11562 | Temple   | Became a worshipper of Cheibriados the Contemplative
 11562 | Temple   | Reached * piety under Cheibriados
 11562 | Temple   | Reached ** piety under Cheibriados
 11924 | D:10     | Entered Level 10 of the Dungeon
 11956 | D:10     | Reached skill level 1 in Invocations
 12295 | D:10     | Noticed a two-headed ogre
 12305 | D:10     | Killed a two-headed ogre
 12306 | D:10     | Reached skill level 5 in Invocations
 12336 | D:10     | Reached *** piety under Cheibriados
 12425 | D:10     | Found Fohiju's Distillery.
 12916 | D:2      | Bought the amulet "Giuc" {Reflect rN+ SH+5} for 535 gold
                  | pieces
 13424 | D:10     | Found a burning altar of Makhleb.
 13521 | D:11     | Found a staircase to the Orcish Mines.
 13529 | D:11     | Reached **** piety under Cheibriados
 13602 | D:11     | Reached XP level 12. HP: 88/91 MP: 16/16
 13766 | D:11     | Reached ***** piety under Cheibriados
 13833 | D:11     | Noticed Grum
 13844 | D:11     | Killed Grum
 13858 | D:11     | Found a staircase to the Lair.
 14596 | D:11     | Identified the +0 scale mail of the Game of Kings {Str+4
                  | Int-4}
 14662 | D:11     | Found a runed translucent door.
 14662 | D:11     | Noticed fleeber's ghost (journeyman BaHu)
 14671 | D:11     | Noticed Urug
 14681 | D:11     | Killed Urug
 14761 | D:11     | Noticed Sonja
 14766 | D:11     | Killed Sonja
 14975 | D:11     | Killed fleeber's ghost
 14976 | D:11     | Reached skill level 10 in Dodging
 14984 | D:11     | Got the Spellbook of Terra Firma
 14992 | D:11     | Learned a level 6 spell: Statue Form
 15106 | D:11     | Reached skill level 1 in Transmutations
 15106 | D:11     | Reached skill level 1 in Earth Magic
 15237 | Lair:1   | Entered Level 1 of the Lair of Beasts
 15285 | Lair:1   | Reached XP level 13. HP: 96/96 MP: 18/18
 15797 | Lair:1   | Noticed a five-headed hydra
 15801 | Lair:1   | Killed a five-headed hydra
 15802 | Lair:1   | Reached skill level 5 in Earth Magic
 15809 | Lair:1   | Noticed a seven-headed hydra
 15819 | Lair:1   | Killed a seven-headed hydra
 15820 | Lair:1   | Reached skill level 5 in Transmutations
 16014 | Lair:1   | Noticed a five-headed hydra
 16024 | Lair:1   | Killed a five-headed hydra
 16781 | Lair:2   | Noticed a four-headed hydra
 16793 | Lair:2   | Killed a four-headed hydra
 17105 | Lair:2   | Noticed a four-headed hydra
 17114 | Lair:2   | Killed a four-headed hydra
 17160 | Lair:2   | Noticed a seven-headed hydra
 17296 | Lair:2   | Killed a seven-headed hydra
 17374 | Lair:2   | Found a staircase to the Swamp.
 17660 | Lair:3   | Reached XP level 14. HP: 90/103 MP: 19/19
 17765 | Lair:3   | Found a staircase to the Snake Pit.
 18087 | Lair:3   | Reached skill level 1 in Spellcasting
 18247 | Lair:3   | Reached skill level 5 in Spellcasting
 18350 | Lair:3   | Reached skill level 10 in Earth Magic
 18374 | Lair:3   | Reached ****** piety under Cheibriados
 19227 | Lair:4   | Found a gate leading to a gauntlet.
 19236 | Lair:4   | Found a staircase to the Slime Pits.
 19240 | Gauntlet | Entered a Gauntlet
 19240 | Gauntlet | Found a transporter.
 19251 | Gauntlet | Found a transporter.
 19252 | Gauntlet | Found a transporter.
 19256 | Gauntlet | Found a transporter.
 19260 | Gauntlet | Found a transporter.
 19263 | Gauntlet | Found a transporter.
 19264 | Gauntlet | Found a transporter.
 19274 | Gauntlet | Found a transporter.
 19276 | Gauntlet | Found a transporter.
 19277 | Gauntlet | Found a transporter.
 19285 | Gauntlet | Found a transporter.
 19288 | Gauntlet | Found a transporter.
 19289 | Gauntlet | Found a transporter.
 19295 | Gauntlet | Found a runed translucent gate.
 19295 | Gauntlet | Found a runed translucent gate.
 19295 | Gauntlet | Found a runed translucent gate.
 19297 | Gauntlet | Found a transporter.
 19521 | Gauntlet | Identified the +6 battleaxe "Zopiyne" {drain, rF- rC+ rN+++
                  | Int+2}
 19560 | Gauntlet | Reached skill level 10 in Transmutations
 19565 | Gauntlet | Identified the ring of Vululytre {rPois Int+6}
 19593 | Gauntlet | Identified the +0 pair of boots of the Fig {rElec Str+3}
 19773 | Gauntlet | Noticed a minotaur
 19789 | Gauntlet | Killed a minotaur
 19856 | Lair:4   | Found a viscous altar of Jiyva.
 20070 | Lair:4   | Reached XP level 15. HP: 108/108 MP: 19/22
 20757 | Lair:5   | Entered Level 5 of the Lair of Beasts
 21410 | Lair:5   | Identified a scroll of acquirement
 21517 | Lair:5   | Found a runed translucent gate.
 21517 | Lair:5   | Found a runed translucent gate.
 21519 | Lair:5   | Noticed an azure jelly
 21523 | Lair:5   | Noticed an azure jelly
 21535 | Lair:5   | Found a runed translucent gate.
 21536 | Lair:5   | Noticed an azure jelly
 21536 | Lair:5   | Noticed an acid blob
 21536 | Lair:5   | Noticed an acid blob
 21536 | Lair:5   | Noticed javelincjr's ghost (adept DjCj)
 21537 | Lair:5   | Noticed a quicksilver ooze
 21916 | Lair:5   | Found a viscous altar of Jiyva.
 22092 | Orc:1    | Entered Level 1 of the Orcish Mines
 22139 | Orc:1    | You fall into a shaft and drop 1 floor!
 22139 | Orc:2    | Entered Level 2 of the Orcish Mines
 22390 | Orc:2    | Found a staircase to the Elven Halls.
 22536 | Orc:2    | Reached skill level 10 in Invocations
 22603 | Orc:2    | Found Huetuv's General Store.
 22603 | Orc:2    | Found Nic Sep's Armour Boutique.
 22606 | Orc:2    | Reached XP level 16. HP: 115/115 MP: 22/26
 22607 | Orc:2    | Found Oclaext's Book Emporium.
 22607 | Orc:2    | Found Wueluh's Assorted Antiques.
 22615 | Orc:2    | Bought a potion of might for 56 gold pieces
 22618 | Orc:2    | Bought a glowing scimitar for 168 gold pieces
 22618 | Orc:2    | Bought a scroll of fear for 96 gold pieces
 22618 | Orc:2    | Bought a potion of curing for 72 gold pieces
 22618 | Orc:2    | Bought a scroll labelled LUHE SA VOFE for 24 gold pieces
 22621 | Orc:2    | Bought a +2 pair of gloves of strength for 279 gold pieces
 23041 | Orc:2    | Noticed Snorg
 23049 | Orc:2    | Killed Snorg
 23449 | Orc:1    | Found Decvazabumn's CLEARANCE SALE!.
 23456 | Orc:1    | Bought a scroll of fog for 4 gold pieces
 24030 | D:13     | Identified the +1 leather armour "Fuledau" {rElec}
 24063 | D:13     | Learned a level 2 spell: Wereblood
 24065 | D:13     | Learned a level 1 spell: Apportation
 24069 | D:13     | Learned a level 3 spell: Confusing Touch
 24356 | D:13     | Reached skill level 5 in Stealth
 24525 | D:13     | Noticed Kirke
 24538 | D:13     | Killed Kirke
 25078 | D:14     | Identified the +2 helmet "Cumy Seu" {rF+++ rC- rN+++ Int-4
                  | SInv}
 25135 | D:14     | Reached skill level 1 in Shields
 25189 | D:14     | Reached skill level 2 in Shields
 25195 | D:14     | Reached skill level 3 in Shields
 25205 | D:14     | Reached skill level 4 in Shields
 25322 | D:14     | Reached skill level 5 in Shields
 25336 | D:14     | Reached skill level 6 in Shields
 25342 | D:14     | Found a gate to the Vaults.
 25633 | D:14     | Found a shimmering altar of Xom.
 25633 | D:14     | Found a shimmering altar of Xom.
 25649 | D:14     | Reached skill level 7 in Shields
 25752 | D:14     | Found a shimmering altar of Xom.
 25752 | D:14     | Found a shimmering altar of Xom.
 25754 | D:14     | Found a shimmering altar of Xom.
 25756 | D:14     | Found a shimmering altar of Xom.
 25958 | D:15     | Entered Level 15 of the Dungeon
 25992 | D:15     | Found a transporter.
 25992 | D:15     | Noticed Duon's ghost (journeyman DsGl)
 25992 | D:15     | Noticed a sphinx
 25994 | D:15     | Found a transporter.
 26158 | D:15     | Reached skill level 8 in Shields
 26213 | D:15     | Found a hide-covered altar of Uskayaw.
 26253 | D:15     | Reached XP level 17. HP: 120/120 MP: 22/27
 26357 | D:15     | Noticed Jorgrun
 26368 | D:15     | Reached skill level 9 in Shields
 26372 | D:15     | Killed Jorgrun
 26445 | D:15     | Reached skill level 10 in Shields
 26650 | D:15     | Reached skill level 11 in Shields
 26651 | D:15     | Found a staircase to the Depths.
 27050 | Snake:1  | Entered Level 1 of the Snake Pit
 27100 | Snake:1  | Reached skill level 12 in Shields
 27213 | Snake:1  | Identified the +5 ring mail "Birral" {rCorr Str+5 Dex-3}
 27441 | Snake:1  | Identified the +0 pair of boots of the Shoals {Str+5}
 27447 | Snake:1  | Reached skill level 13 in Shields
 27552 | Snake:1  | Found the +2 hat of the Bear Spirit {Spirit, *Rage Will++}
 28036 | Snake:2  | Reached skill level 14 in Shields
 28135 | Snake:2  | Found Xixa's Antique Weapon Emporium.
 28135 | Snake:2  | Found Laib's Assorted Antiques.
 28139 | Snake:2  | Found Weytocaso's Book Emporium.
 28147 | Snake:2  | Bought a potion of might for 116 gold pieces
 28147 | Snake:2  | Bought a potion of invisibility for 232 gold pieces
 28147 | Snake:2  | Bought a scroll of enchant armour for 217 gold pieces
 28293 | Snake:2  | Reached skill level 15 in Shields
 28914 | Snake:2  | Found a runed translucent gate.
 28914 | Snake:2  | Found a runed translucent gate.
 28914 | Snake:2  | Found a runed translucent gate.
 28915 | Snake:2  | Noticed Hehankyrann's ghost (journeyman MeFE)
 28997 | Snake:2  | Killed Hehankyrann's ghost
 28998 | Snake:2  | Reached skill level 16 in Shields
 29138 | Snake:3  | Reached XP level 18. HP: 127/127 MP: 22/28
 29155 | Abyss:2  | Found a corrupted altar of Lugonu.
 29155 | Abyss:2  | Cast into level 2 of the Abyss (salamander)
 29222 | Abyss:2  | Found a corrupted altar of Lugonu.
 29412 | Snake:3  | Escaped the Abyss
 29546 | Snake:3  | Noticed Aizul
 29555 | Snake:3  | Killed Aizul
 29649 | Snake:3  | You fall into a shaft and drop 1 floor!
 29649 | Snake:4  | Entered Level 4 of the Snake Pit
 29655 | Snake:4  | Reached skill level 10 in Fighting
 29662 | Snake:4  | HP: 7/179 [nagaraja/poison arrow (2)]
 29671 | Snake:4  | HP: 5/140 [naga warrior/splash of poison (13)]
 29672 | Snake:4  | HP: 1/140 [poisoned by a naga warrior (splash of poison)]
 29681 | Snake:4  | HP: 7/182 [constriction (5)]
 29682 | Snake:4  | HP: 1/182 [constriction (6)]
 29693 | Snake:4  | HP: 5/182 [constriction (2)]
 29700 | Snake:4  | HP: 5/182 [shock serpent/bolt of electricity (7)]
 29703 | Snake:4  | HP: 1/182 [black mamba (7)]
 29705 | Snake:4  | Slain by a naga warrior

Illustrated notes

Levels and vault maps discovered:
D:1:      dpeg_arrival_caged_fury, layout_basic, serial_shops, shop,
          minmay_hexomino_r4
D:2:      layout_basic, hellmonk_ecumenical_altar_leap_of_faith, serial_shops,
          shop
D:3:      layout_basic, amcnicky_altar_gilded, nemelex_diamond_rough_becter,
          minmay_checkerbox, uniq_ijyb, uniq_crazy_yiuf_cottage
D:4:      layout_basic, okawaru_metal_pillars_1_2, nrook_mini_backslash,
          due_unseen_surprise
D:5:      layout_basic, minmay_temple_entry_glass, minmay_starry_boxes
D:6:      layout_basic, kennysheep_cross_room, uniq_sigmund, uniq_duvessa
D:7:      lemuel_slime, layout_loops_cross, mainiacjoe_overflow_tiny_flanked,
          uniq_maggie, uniq_prince_ribbit1
D:8:      layout_loops_corners, nicolae_vehumet_altar_sigil, old_standard_altar,
          minmay_joined_circles
D:9:      layout_roguey, nicolae_qazlal_style_of_elements,
          mainiacjoe_overflow_alcove_1, uniq_joseph
D:10:     layout_roguey, bloody_makhleb, serial_shops,
          nicolae_shop_hallway_stairs
D:11:     layout_stronghold, due_lair_maze_entry_diamond, zombieorc2_lemuel,
          serial_column_ruins, column_ruins_pillar_2, column_ruins_pillar_1,
          column_ruins_pillar_5, column_ruins_pillar_1, column_ruins_pillar_2,
          column_ruins_pillar_1, column_ruins_pillar_1, column_ruins_pillar_12,
          column_ruins_pillar_1, column_ruins_pillar_4, column_ruins_pillar_1,
          column_ruins_pillar_9, column_ruins_pillar_1, column_ruins_pillar_11,
          column_ruins_pillar_3, column_ruins_pillar_4, hellmonk_ghost_big_iron,
          chequers_serial_rivers_micro_b, hex_large, uniq_grum, uniq_sonja,
          uniq_urug
D:12:     layout_big_octagon, corexii_corridor_pit, kennysheep_generic_room_10
D:13:     layout_roguey, minmay_the_grid_2x2 [minmay_the_grid_minigrid_small,
          minmay_the_grid_expand, minmay_the_grid_pillar_ring,
          minmay_the_grid_prize_inner_circle], uniq_kirke
D:14:     layout_small_grid, ximxim_vaults_locker_room, xom_redecorated
D:15:     gammafunk_enter_depths_forms, layout_irregular_city,
          gammafunk_ghost_arena, abandoned_shop, eat_drink_and_be_merry_uskayaw,
          uniq_jorgrun
Temple:   nicolae_temple_ecumenical_triangle
Lair:1:   layout_loops_ring, grunt_megastairs_5, lemuel_fruit_tree,
          lemuel_fruit_fields
Lair:2:   layout_small_grid, palyth_hydra_swamp_entry, roderic_batcave,
          grunt_forest_small_clearings
Lair:3:   layout_gridlike, dummy_snake_entry, minivault_19
Lair:4:   layout_loops_ring, slime_entry_1, gauntlet_entry_generic,
          minmay_holes, grunt_forest_large_clearings
Lair:5:   evilmike_catoblepas_cave, layout_loops_ring, enter_volcano_1,
          gammafunk_ghost_ooze
Snake:1:  layout_onion_interference
Snake:2:  layout_basic, gammafunk_ghost_necromancy, minmay_shop_star,
          serial_bayou_shore_a
Snake:3:  cheibrodos_snake_lava_hold, layout_rooms,
          nicolae_snake_salamander_jacuzzi, uniq_aizul
Snake:4:  grunt_snake_rune_serpentine_throne, layout_onion, basic_altar,
          minmay_shoptagon
Orc:1:    layout_diamond_mine, nicolae_shop_clearance
Orc:2:    grunt_orc_tribal_feast, layout_diamond_mine, minmay_orc_temple_a,
          uniq_snorg

Skill      XL: |  1  2  3  4  5  6  7  8  9 10 11 12 13 14 15 16 17 18 |
---------------+-------------------------------------------------------+-----
Unarmed Combat | 4 5 6 7 8 11 14 15 | 15.8
Dodging        | 3 5 6 10 | 10.1
Fighting       | 6 7 12 | 12.3
Invocations    | 5 7 10 13 | 13.3
Transmutations | 1 8 11 12 | 12.3
Earth Magic    | 2 9 12 13 | 13.4
Spellcasting   | 5 7 |  7.0
Stealth        | 7 |  7.7
Shields        | 8 16 | 16.3

Action                   |  1- 3 |  4- 6 |  7- 9 | 10-12 | 13-15 | 16-18 || total
-------------------------+-------+-------+-------+-------+-------+-------++-------
Melee: Unarmed           |   109 |   137 |   308 |   726 |   755 |   616 ||  2651
       Punch             |     1 |     4 |    25 |    90 |    70 |    49 ||   239
       Lajatang          |       |     4 |       |       |       |       ||     4
 Fire: Sling             |       |    10 |    96 |     9 |    12 |       ||   127
Throw: Stone             |     1 |     2 |       |       |     6 |       ||     9
 Cast: Statue Form       |       |       |       |       |    30 |    56 ||    86
       Wereblood         |       |       |       |       |       |    19 ||    19
Invok: Slouch            |       |       |       |     1 |     8 |     8 ||    17
       Bend Time         |       |       |       |       |     2 |       ||     2
       Temporal Distorti |       |       |       |       |       |     2 ||     2
       Step From Time    |       |       |       |       |       |     5 ||     5
 Abil: Dig               |       |     3 |     6 |     6 |     6 |     2 ||    23
       End Transformatio |       |       |       |       |     3 |     3 ||     6
       Shaft Self        |       |       |       |       |       |     1 ||     1
Evoke: Wand              |       |       |     3 |    17 |     7 |     1 ||    28
       Condenser vane    |       |       |       |     1 |     1 |     2 ||     4
  Use: Potion            |     1 |     2 |     2 |     1 |     4 |    18 ||    28
       Scroll            |       |     5 |     9 |     4 |     6 |    11 ||    35
 Stab: Sleeping          |     3 |     5 |     2 |     2 |     4 |     5 ||    21
       Paralysed         |       |       |       |    18 |       |       ||    18
       Distracted        |       |       |       |     1 |     1 |     2 ||     4
       Invisible         |       |       |       |       |    17 |     2 ||    19
       Confused          |       |       |       |       |     6 |       ||     6
       Petrified         |       |       |       |       |     3 |       ||     3
Armor: Ring mail         |    48 |    13 |       |       |       |       ||    61
       Skin              |       |    15 |       |       |    98 |   211 ||   324
       Leather armour    |       |    12 |    53 |       |       |       ||    65
       Acid dragon scale |       |       |     4 |   122 |    59 |    26 ||   211
Dodge: Dodged            |    50 |    66 |   194 |   481 |   745 |   714 ||  2250
Block: Other             |       |       |       |    49 |   152 |    91 ||   292
       Reflection        |       |       |       |     1 |     4 |    82 ||    87
       Kite shield       |       |       |       |       |       |   563 ||   563
